 Dungeon Crawl Stone Soup version 0.22.1-1-ga44c0e5 (webtiles) character file.

73 Monsterracer the Insei (level 4, 0/30 HPs)
             Began as an Octopode Skald on Oct 19, 2018.
             Succumbed to a scorpion's poison
             ... on level 2 of the Dungeon.
             The game lasted 00:01:36 (1537 turns).

Monsterracer the Insei (Octopode Skald)             Turns: 1537, Time: 00:01:37

Health: 0/30       AC:  1    Str: 10    XL:     4   Next: 27%
Magic:  7/7        EV: 13    Int: 21    God:
Gold:   40         SH:  0    Dex: 11    Spells: 1/7 levels left

rFire    . . .     SeeInvis .     - Unarmed
rCold    . . .     Gourm    .   (no shield)
rNeg     . . .     Faith    .   (helmet restricted)
rPois    .         Spirit   .   (no amulet)
rElec    .         Reflect  .   (no ring)
rCorr    .         Harm     .   (no ring)
MR       .....                  (no ring)
Stlth    ++........             (no ring)
HPRegen  0.10/turn              (no ring)
MPRegen  0.10/turn              (no ring)
                                (no ring)
                                (no ring)

@: brilliant, lethally poisoned (0 -> -11)
A: almost no armour, stealthy swim, amphibious, 8 rings, constrict 8, camouflage
1, gelatinous body 1
a: no special abilities


You were on level 2 of the Dungeon.
You were very hungry.

You visited 1 branch of the dungeon, and saw 2 of its levels.

You collected 40 gold pieces.

Inventory:

Jewellery
 b - an uncursed amulet of rage {unknown}
Scrolls
 a - 2 scrolls of remove curse {unknown}
 d - 2 scrolls of enchant weapon {unknown}
Comestibles
 c - 2 rations


   Skills:
 + Level 2.9 Fighting
 - Level 2.3 Dodging
 * Level 3.8 Unarmed Combat
 - Level 2.0 Spellcasting
 - Level 3.0 Charms


You had one spell level left.
You knew the following spells:

 Your Spells              Type           Power        Failure   Level  Hunger
a - Infusion              Chrm           ####         1%          1    #......
b - Song of Slaying       Chrm           ####....     1%          2    ##.....
j - Regeneration          Chrm/Necr      ###.......   3%          3    ###....

Your spell library contained the following spells:

 Spells                   Type           Power        Failure   Level  Hunger
 Shroud of Golubria       Chrm/Tloc      ###.......   1%          2    ##.....
 Spectral Weapon          Hex/Chrm       ###.....     3%          3    ###....


Dungeon Overview and Level Annotations

Branches:
Dungeon (2/15)

Altars:
Makhleb


Innate Abilities, Weirdness & Mutations

You cannot wear most types of armour.
You are very stealthy in the water. (Stealth+)
You are amphibious.
You can wear up to eight rings at the same time.
You can use your tentacles to constrict eight enemies at once.
Your skin changes colour to match your surroundings (Stealth+).
Your rubbery body absorbs attacks. (AC +1, EV +1)


Message History

You butcher the frilled lizard corpse.
d - a chunk of flesh You see here a frilled lizard skeleton. x2
Eating a chunk of flesh.
You eat the chunk of flesh.
This raw flesh tastes terrible.
d - 2 scrolls labeled SULA LAF NUD You now have 40 gold pieces (gained 10).
You open the door.
There is an open door here.
You are feeling hungry.
You see here 13 stones.
Key pressed, stopping explore.
Done exploring.
Done exploring.
Done exploring.
There is a stone staircase leading down here.
You climb downwards.
There is a stone staircase leading up here.
a - 2 scrolls labeled SEMAEF YWKEQO (gained 1)
e - a red potion A rat comes into view.
Found a plate armour.
You tentacle-slap the rat. Your grab misses the rat.
The rat is severely wounded.
The rat misses you.
You completely miss the rat. Your grab misses the rat.
You squeeze the rat, but do no damage.
The rat is severely wounded.
The rat closely misses you.
A rat is nearby!
You tentacle-slap the rat.
You kill the rat!
A scorpion comes into view.
You see here a rat corpse.
Found a fizzy green potion.
The helpless scorpion fails to defend itself.
You tentacle-slap the scorpion. You grab the scorpion.
The scorpion is lightly wounded.
You constrict the scorpion, but do no damage.
The scorpion stings you.
You are poisoned.
The scorpion poisons you!
You take 2 damage, and have 23/25 hp.
A scorpion is nearby!
A scorpion is nearby!
You tentacle-slap the scorpion.
The scorpion is moderately wounded.
You constrict the scorpion.
You feel sick. The scorpion barely misses you.
You take 1 damage, and have 22/25 hp.
You tentacle-slap the scorpion.
The scorpion is moderately wounded.
You constrict the scorpion.
You feel sick. The scorpion barely misses you.
You take 1 damage, and have 21/25 hp.
You completely miss the scorpion.
The scorpion is heavily wounded.
You constrict the scorpion.
You are feeling very hungry.
The scorpion closely misses you.
You tentacle-slap the scorpion.
The scorpion is severely wounded.
You constrict the scorpion, but do no damage.
You feel sick. The scorpion barely misses you.
You take 1 damage, and have 20/25 hp.
You tentacle-slap the scorpion but do no damage.
The scorpion is severely wounded.
You constrict the scorpion. The scorpion misses you.
You tentacle-slap the scorpion but do no damage.
The scorpion is severely wounded.
You constrict the scorpion. The scorpion stings you!
You take 8 damage, and have 13/25 hp.
MASSIVE DAMAGE!!
You tentacle-slap the scorpion but do no damage.
The scorpion is severely wounded.
You constrict the scorpion.
You feel sick. The scorpion stings you.
* * * LOW HITPOINT WARNING * * *
You take 7 damage, and have 6/25 hp.
MASSIVE DAMAGE!!
Unknown command.
You tentacle-slap the scorpion but do no damage.
The scorpion is almost dead.
You constrict the scorpion. The scorpion stings you.
* * * LOW HITPOINT WARNING * * *
You are more poisoned.
The scorpion poisons you!
You take 3 damage, and have 3/25 hp.
Unknown command.
It was a potion of brilliance.
You feel clever all of a sudden.
You constrict the scorpion.
You kill the scorpion!
You have reached level 4!
* * * LOW HITPOINT WARNING * * *
You feel sick.
MP restored: 7
* * * LOW HITPOINT WARNING * * *
You feel sick.
You take 1 damage, and have 2/30 hp.
A bat comes into view.
* * * LOW HITPOINT WARNING * * *
You feel sick.
Found a burning altar of Makhleb.
You take 1 damage, and have 1/30 hp.
You die...

#.#.#!#
#.#.#.#
###.###.#...#
........#...
###.###.#.###
#†....#
#..####
##.###....#
#......@[.#
....#####.##
.# ..b ...+
#.... ##.._
.### #2#


You could see a balrug (sleeping) and a bat (sleeping).

Vanquished Creatures
  A scorpion (D:2)
  A dart slug (D:1)
  2 bats (D:1)
  A giant cockroach (D:1)
  5 goblins (D:1)
  3 hobgoblins (D:1)
  A frilled lizard (D:1)
  5 kobolds (D:1)
  2 rats
21 creatures vanquished.

Notes
Turn   | Place    | Note
-------+----------+-------------------------------------------
     0 | D:1      | Monsterracer the Octopode Skald began the quest for the
                  | Orb.
     0 | D:1      | Reached XP level 1. HP: 14/14 MP: 3/3
    42 | D:1      | HP: 4/14 [kobold/dagger (4)]
   618 | D:1      | Reached XP level 2. HP: 15/19 MP: 1/5
   709 | D:1      | Learned a level 2 spell: Song of Slaying
  1246 | D:1      | Reached XP level 3. HP: 25/25 MP: 1/6
  1251 | D:1      | Learned a level 3 spell: Regeneration
  1523 | D:2      | Noticed a scorpion
  1532 | D:2      | HP: 12/25 [poisoned by a scorpion]
  1533 | D:2      | HP: 3/25 [scorpion (3)]
  1534 | D:2      | Killed a scorpion
  1534 | D:2      | Reached XP level 4. HP: 3/30 MP: 7/7
  1536 | D:2      | Found a burning altar of Makhleb.
  1536 | D:2      | HP: 1/30 [poisoned by a scorpion]
  1537 | D:2      | Noticed a balrug
  1537 | D:2      | Succumbed to a scorpion's poison

Skill      XL: |  1  2 |
---------------+-------+-----
Unarmed Combat | 3 |  3.8
Fighting       | |  2.9
Dodging        | |  2.3
Spellcasting   | |  2.0
Charms         | |  3.0

Action                   |  1- 3 |  4- 6 || total
-------------------------+-------+-------++-------
Melee: Unarmed           |    57 |       ||    57
       Constrict         |     9 |       ||     9
       Tentacles         |     4 |       ||     4
 Cast: Infusion          |    10 |       ||    10
  Use: Potion            |     1 |       ||     1
 Stab: Sleeping          |     3 |       ||     3
  Eat: Chunk             |     1 |       ||     1
Armor: Skin              |     2 |       ||     2
Dodge: Dodged            |    37 |       ||    37

Vault maps used:
D:1:      mrwooster_arrival_arrow
D:2:      grunt_temple_overflow_order_and_chaos_2, lemuel_round_altar,
          lemuel_coloured_pillars_altar, chequers_ecumenical_altar_grove,
          minmay_misc_feat_diagonals, uniq_natasha, uniq_jessica
